Construct Infanterie Kompanie
Selects Mechanized Battlegroup
Construct Luftwaffe Kompanie
Flak 30 Anti-aircraft Gun Team
Luftwaffe Officer Quarters
Selects Mobile Repair Stations
Marder III M Tank Destroyer
Marder III M Tank Destroyer
Selects Wespe Self-propelled Artillery
Wespe Self-propelled Artillery
Selects StuG Assault Group
Selects UNKNOWN (2160084)
Construct Panzer Kompanie
Selects Zeroing Artillery Barrage